 Dungeon Crawl Stone Soup version 0.29-a0-322-g68df515 (webtiles) character file.

Game seed: 1573889600474761700

16 Toastz the Insei (level 2, -1/18 HPs)
             Began as an Octopode Transmuter on Apr 5, 2022.
             Slain by a quokka (4 damage)
             ... on level 1 of the Dungeon.
             The game lasted 00:01:02 (346 turns).

Toastz the Insei (Octopode Transmuter)               Turns: 346, Time: 00:01:02

Health: -1/18      AC:  1    Str:  9    XL:     2   Next: 58%
Magic:  4/5        EV: 13    Int: 15    God:
Gold:   0          SH:  0    Dex: 12    Spells: 2/5 levels left

rFire   . . .      SeeInvis .     - Unarmed
rCold   . . .      Faith    .   (no shield)
rNeg    . . .      Spirit   .   (helmet restricted)
rPois   .          Reflect  .   (no amulet)
rElec   .          Harm     .   (no ring)
rCorr   .          Rampage  .   (no ring)
Will    .....                   (no ring)
Stlth   ++........              (no ring)
HPRegen 0.06/turn               (no ring)
MPRegen 0.09/turn               (no ring)
                                (no ring)
                                (no ring)

@: no status effects
A: almost no armour, amphibious, 8 rings, camouflage 1, gelatinous body 1,
(nimble swimmer 1), tentacles
a: no special abilities


You were on level 1 of the Dungeon.
You visited 1 branch of the dungeon, and saw 1 of its levels.

Inventory:

Potions
 a - a potion of lignification


   Skills:
 + Level 1.5 Fighting
 - Level 2.0 Dodging
 * Level 3.6 Unarmed Combat
 - Level 2.0 Spellcasting
 - Level 2.0 Transmutations


You had 2 spell levels left.
You knew the following spells:

 Your Spells              Type           Power      Damage    Failure   Level
a - Beastly Appendage     Tmut           14%        N/A       10%         1
b - Wereblood             Tmut           7%         N/A       14%         2

Your spell library contained the following spells:

 Spells                   Type           Power      Damage    Failure   Level
 Spider Form              Tmut/Pois      4%         N/A       41%         3
 Ice Form                 Ice/Tmut       4%         N/A       82%         4


Dungeon Overview and Level Annotations

Branches:
Dungeon (1/15)

Altars:


Innate Abilities, Weirdness & Mutations

You cannot wear most types of armour.
You are amphibious.
You can wear up to eight rings at the same time.
Your skin changes colour to match your surroundings (Stealth+).
Your rubbery body absorbs attacks. (AC +1, EV +1)
((You are camouflaged when in or above water. (Stealth+)))
You have tentacles for arms and can constrict up to eight enemies at once.


Message History

The jackal barely misses you. The giant cockroach misses you.
The quokka barely misses you.
You tentacle-slap the jackal.
You feel a bit better.
You kill the jackal!
Your transformation is almost over.
The jackal misses you. The quokka completely misses you.
The giant cockroach bites you but does no damage.
You closely miss the giant cockroach. Your grab misses the giant cockroach.
You pierce the giant cockroach.
The giant cockroach is almost dead.
The jackal bites you but does no damage.
The quokka completely misses you. The giant cockroach misses you.
The jackal misses you.
You tentacle-slap the giant cockroach but do no damage.
You grab the giant cockroach.
You pierce the giant cockroach.
You feel a bit better.
You kill the giant cockroach!
Your primal bloodlust has ended.
The quokka bites you. The jackal closely misses you.
You tentacle-slap the jackal but do no damage.
Your grab misses the jackal. You squeeze the jackal.
You kill the jackal!
The quokka bites you. The jackal bites you.
You closely miss the jackal. Your grab misses the jackal.
Your tentacle spike misses the jackal.
The quokka misses you. The jackal bites you. The quokka bites you.
* * * LOW HITPOINT WARNING * * *
You see here a giant cockroach corpse.
The quokka attacks as you move away! The quokka barely misses you.
The quokka twitches its whiskers.
The quokka attacks as you move away! The quokka misses you.
Your tentacle spike disappears.
The giant cockroach waves its antennae.
The quokka barely misses you. The quokka attacks as you move away!
The quokka barely misses you. The frilled lizard bites you.
* * * LOW HITPOINT WARNING * * *
The quokka attacks as you move away! The quokka bites you.
You die...

##..###.......###
#.....#...<...# .... .
#.....#.......#....... #.
#.....#.......#.......
#.##.....#.......#......
#........#.......#....####
#......###÷.÷###........
##...h...#'''#.......... #
#....r@....)........... ##.
#...rlJ♣..†..♣.........
....######..B..............l....
#..............♣.....♣.........
................................
.$..?..††#......♣.....♣......###
....####.#...................#
[.. #........♣.....♣.......# ##
............. ...........


You could see an endoplasm, 2 quokkas, a jackal, a giant cockroach and a frilled
lizard.

Vanquished Creatures
  A ball python (D:1)
  3 endoplasms (D:1)
  A giant cockroach (D:1)
  A goblin (D:1)
  A hobgoblin (D:1)
  3 jackals (D:1)
  4 rats (D:1)
14 creatures vanquished.

Notes
Turn   | Place    | Note
-------+----------+-------------------------------------------
     0 | D:1      | Toastz the Octopode Transmuter began the quest for the Orb.
     0 | D:1      | Reached XP level 1. HP: 13/13 MP: 3/3
   281 | D:1      | Reached XP level 2. HP: 18/18 MP: 3/5
   284 | D:1      | Learned a level 2 spell: Wereblood
   346 | D:1      | Slain by a quokka

Illustrated notes

Levels and vault maps discovered:
D:1:      wander_arrival_estate, layout_rooms,
          shapermc_ecumenical_altar_hornbeckon

Action                   || total
-------------------------++-------
Melee: Unarmed           ||    30
       Kick              ||     4
       Constrict         ||     7
       Tentacles         ||     2
 Cast: Beastly Appendage ||     5
       Wereblood         ||     1
Armor: Skin              ||     3
Dodge: Dodged            ||    33

Table legend: (Time is in decaauts)
 A = Elapsed time spent in this place.
 B = Non-inter-level travel time spent in this place.
 C = Inter-level travel time spent in this place.
 D = Time resting spent in this place.
 E = Time spent auto-exploring this place.
 F = Levels seen in this place.
 G = Mean time per level.
                   A        B        C        D        E       F      G
               +--------+--------+--------+--------+--------+-----+--------+
         Total |    344 |    344 |      0 |    229 |     35 |   1 |  344.0 |
       Dungeon |    344 |    344 |      0 |    229 |     35 |   1 |  344.0 |
               +--------+--------+--------+--------+--------+-----+--------+

Top non-repeatable levels by time:
     D:1: 344 daAuts
